 Dungeon Crawl Stone Soup version 0.31-a0-700-gf13585253f (webtiles) character file.

Game seed: 5332923645232447372

474 qw the Shooter (level 7, 0/43 HPs)
             Began as a Gargoyle Hunter on Sept 7, 2023.
             Slain by an ogre
             ... wielding a +0 giant spiked club
              (9 damage)
             ... on level 4 of the Dungeon.
             The game lasted 00:01:12 (2696 turns).

qw the Shooter (Gargoyle Hunter)                    Turns: 2696, Time: 00:01:13

Health: 0/43       AC: 13    Str: 12 (14) XL:     7   Next: 10%
Magic:  7/7        EV: 10    Int:  7 (10) God:
Gold:   146        SH:  0    Dex: 13 (15) Spells: 6/6 levels left

rFire   . . .        j - +2 shortbow (heavy)
rCold   . . .        (shield currently unavailable)
rNeg    + . .        d - +0 ring mail
rPois   inf          (helmet restricted)
rElec   +            h - +2 cloak {Stlth+}
rCorr   .            (no gloves)
SInv    .            (no boots)
Will    .....        (no amulet)
Stlth   ++           (no ring)
HPRegen 0.27/turn    (no ring)
MPRegen 0.10/turn

%: no passive effects
@: no status effects
A: sickness immunity, AC +4, negative energy resistance 1, electricity
resistance, torment resistance 1, petrification resistance, horns 1, subdued
magic 2
a: no special abilities


You were on level 4 of the Dungeon.
You visited 2 branches of the dungeon, and saw 6 of its levels.
You also visited: Sewer.

You collected 146 gold pieces.


Innate Abilities, Weirdness & Mutations

You are immune to sickness and miasma.
Your stone body is resilient. (AC +4)
You are immune to poison.
You resist negative energy. (rN+)
You are resistant to electric shocks. (rElec)
You are resistant to unholy torment.
You are immune to petrification.
You have a pair of small horns on your head.
Your spells are easier to cast, but less powerful.


   Skills:
 - Level 4.1 Fighting
 + Level 7.4 Ranged Weapons
 - Level 1.3 Armour
 - Level 1.5 Dodging
 - Level 1.1 Stealth


You had 6 spell levels left.
You didn't know any spells.
Your spell library was empty.

Inventory:

Hand Weapons
 j - a +2 heavy shortbow (weapon)
Armour
 d - a +0 ring mail (worn)
 h - a +2 cloak of stealth (worn)
Jewellery
 g - a ring of fire
Scrolls
 b - a scroll of identify
Potions
 a - a potion of curing
 c - a potion of haste
 f - 3 potions of heal wounds
 i - a potion of might
 k - a potion of magic {unknown}
 l - a potion of brilliance {unknown}
 n - a potion of enlightenment {unknown}

Dungeon Overview and Level Annotations

Branches:
Dungeon (5/15)             Temple (1/1) D:4           Sewer (visited)

Altars:
Ashenzari
Cheibriados
Elyvilon
Fedhas
Gozag
Makhleb
Nemelex Xobeh
Qazlal
Ru
Trog
Vehumet
Xom
Yredelemnul
Zin
The Shining One

Shops:
D:4 :


Message History

There is a stone staircase leading down here.
You shoot an arrow. The arrow closely misses the hound.
The hound bites you. The hound closely misses you. The hound barely misses you.
You shoot an arrow. The arrow hits the hound!
The hound is severely wounded.
The hound barely misses you. The hound closely misses you.
You shoot an arrow. The arrow hits the hound.
The hound is severely wounded.
The hound bites you but does no damage. x2
You shoot an arrow. The arrow hits the hound!
You kill the hound!
You feel your dexterity returning.
You start resting.
HP restored.
Done exploring.
What level of the Dungeon? (default 5, ? - help)
You climb downwards.
The ogre shouts!
You hear a bark!
There is a stone staircase leading up here.
An ogre is nearby!
You shoot an arrow. The arrow hits the ogre.
The ogre is lightly wounded.
You shoot an arrow. The arrow hits the ogre!
The ogre is heavily wounded.
You shoot an arrow.
The arrow hits the ogre but does no damage.
The ogre is heavily wounded.
A hound comes into view.
The ogre misses you.
2693 ||| STAIRDANCE You climb upwards.
There is a stone staircase leading down here.
You shoot an arrow. The arrow hits the ogre!
The ogre is almost dead.
The ogre hits you with a +0 giant spiked club!
You shoot an arrow. The arrow barely misses the ogre.
The ogre hits you with a +0 giant spiked club!!
Ouch! That really hurt!
The ogre hits you with a +0 giant spiked club!
You die...

.......#.# #.##.......##....##.
...###.(.#####.#...........#.....
####~######~##.#~.~...#.......###
#~~~~~~~~~~#.~~.~~......<......
#~~~####~~~#.~~\~~.>#..........
##~##~~##~##.~~~~~..#.###....##
#~#~.~~#~#..#~~~.....###......
#~#~~~~#%#..).................
##~##~~##~##.%@.[...###...#..##
#~~%#~~#~~~#..O.....##..#.##.##
#~~~~~~#~~~#..............##..#
##~######~##..........######8>8
####....#.#...........# ####
#.....................#
#.<......(.#..........#
#........#####........#
#........# ##########


You could see an ogre.

Vanquished Creatures
  Eustachio (D:4)
  2 hounds (D:4)
  An iguana (D:4)
  An orc wizard (D:4)
  13 adders
  An ufetubus (D:4)
  A worm (D:4)
  2 dart slugs
  12 orcs
  5 ball pythons
  4 endoplasms
  3 giant cockroaches
  6 goblins
  6 hobgoblins
  4 jackals (D:3)
  2 kobolds (D:4)
  5 quokkas (D:4)
  5 bats
  7 frilled lizards
  4 rats
85 creatures vanquished.

Notes
Turn   | Place    | Note
-------+----------+-------------------------------------------
     0 | D:1      | qw the Gargoyle Hunter began the quest for the Orb.
     0 | D:1      | Reached XP level 1. HP: 12/12 MP: 1/1
     0 | D:1      | 0 ||| qw: Version: 0.3-a-76-g4403597
     0 | D:1      | 0 ||| qw: Game counter: 520
     0 | D:1      | 0 ||| qw: Melee chars always use a shield: true
     0 | D:1      | 0 ||| qw: God list: Okawaru
     0 | D:1      | 0 ||| qw: Allow faded altars: false
     0 | D:1      | 0 ||| qw: Do Orc after clearing Dungeon:15 true
     0 | D:1      | 0 ||| qw: Do second Lair branch before Depths: true
     0 | D:1      | 0 ||| qw: Lair rune preference: random
     0 | D:1      | 0 ||| qw: Goals: Normal
     0 | D:1      | 0 ||| PLANNING D:1-11
    77 | D:1      | Reached XP level 2. HP: 17/17 MP: 2/2
   339 | D:1      | 339 ||| READING 2 scrolls labelled JIUREUF VAEGUUPY.
   340 | D:1      | 340 ||| READING scroll of enchant weapon.
   340 | D:1      | 340 ||| ENCHANTING +1 shortbow.
   341 | D:1      | 341 ||| READING scroll labelled HUM MAMAUMOTOS.
   342 | D:1      | 342 ||| DROPPING scroll of butterflies.
   468 | D:2      | Reached XP level 3. HP: 20/21 MP: 3/3
   526 | D:2      | Reached skill level 5 in Ranged Weapons
   877 | D:2      | Reached skill level 3 in Fighting
  1064 | D:2      | 1064 ||| UPGRADING to +0 ring mail.
  1074 | D:2      | 1074 ||| DROPPING +0 leather armour.
  1075 | D:2      | 1075 ||| UPGRADING to +2 cloak of stealth.
  1080 | D:2      | 1080 ||| READING 2 scrolls labelled TESMIYSM OREF.
  1081 | D:2      | 1081 ||| READING scroll labelled XUIRIKKOWE.
  1082 | D:2      | 1082 ||| DRINKING 3 fizzy white potions.
  1082 | D:2      | Gained mutation: You have a pair of small antennae on your
                  | head. [potion of mutation]
  1082 | D:2      | Gained mutation: You possess an exceptional clarity of
                  | mind. [potion of mutation]
  1082 | D:2      | Gained mutation: You occasionally lose the ability to read
                  | scrolls when taking damage. [potion of mutation]
  1082 | D:2      | Gained mutation: You are robust. (+10% HP) [potion of
                  | mutation]
  1088 | D:2      | 1088 ||| DRINKING 2 potions of mutation.
  1088 | D:2      | Lost mutation: You are robust. (+10% HP) [potion of
                  | mutation]
  1088 | D:2      | Lost mutation: You have a pair of small antennae on your
                  | head. [potion of mutation]
  1088 | D:2      | Lost mutation: You occasionally lose the ability to read
                  | scrolls when taking damage. [potion of mutation]
  1088 | D:2      | Gained mutation: You are frail. (-10% HP) [potion of
                  | mutation]
  1089 | D:2      | 1089 ||| DRINKING potion of mutation.
  1089 | D:2      | Lost mutation: You are frail. (-10% HP) [potion of
                  | mutation]
  1089 | D:2      | Lost mutation: You possess an exceptional clarity of mind.
                  | [potion of mutation]
  1089 | D:2      | Gained mutation: Your spells are a little easier to cast,
                  | but a little less powerful. [potion of mutation]
  1089 | D:2      | Gained mutation: Your spells are easier to cast, but less
                  | powerful. [potion of mutation]
  1089 | D:2      | Gained mutation: You have a pair of small horns on your
                  | head. [potion of mutation]
  1101 | D:2      | 1101 ||| DRINKING 2 coppery potions.
  1102 | D:2      | 1102 ||| DRINKING 2 clear potions.
  1132 | D:2      | 1132 ||| DROPPING potion of lignification.
  1147 | D:3      | Found a bloodstained altar of Trog.
  1174 | D:3      | Reached XP level 4. HP: 28/28 MP: 4/4
  1178 | D:3      | Identified the +5 long sword "Kiupp" {flame, *Rage rC++
                  | rCorr Dex-5}
  1194 | D:3      | Found a white marble altar of Elyvilon.
  1284 | D:3      | Reached skill level 1 in Armour
  1315 | D:3      | Found a snail-covered altar of Cheibriados.
  1585 | D:3      | 1585 ||| READING scroll labelled YPPICS VAMUO.
  1586 | D:3      | 1586 ||| READING scroll labelled MATHON DIORELA.
  1587 | D:3      | 1587 ||| DRINKING 3 cyan potions.
  1602 | D:4      | 1602 ||| PLANNING SEWER
  1610 | D:4      | 1610 ||| STAIRDANCE
  1642 | D:4      | Reached XP level 5. HP: 32/32 MP: 5/5
  1693 | D:4      | Found Byjelief's Book Shop.
  1735 | D:4      | Reached skill level 6 in Ranged Weapons
  1750 | D:4      | 1750 ||| READING scroll of brand weapon.
  1750 | D:4      | 1750 ||| BRANDING +2 shortbow of draining.
  1845 | D:4      | 1845 ||| Stepping ~*~*~tactically~*~*~ (water).
  1862 | D:4      | Found a staircase to the Ecumenical Temple.
  1875 | D:4      | Noticed Eustachio
  1943 | D:4      | Found a basalt altar of Yredelemnul.
  2029 | D:4      | Reached XP level 6. HP: 38/38 MP: 6/6
  2106 | D:4      | 2106 ||| Stepping ~*~*~tactically~*~*~ (retreating).
  2107 | D:4      | 2107 ||| Stepping ~*~*~tactically~*~*~ (retreating).
  2108 | D:4      | 2108 ||| Stepping ~*~*~tactically~*~*~ (retreating).
  2109 | D:4      | 2109 ||| Stepping ~*~*~tactically~*~*~ (retreating).
  2110 | D:4      | 2110 ||| Stepping ~*~*~tactically~*~*~ (retreating).
  2111 | D:4      | 2111 ||| RETREATING.
  2122 | D:4      | Killed Eustachio
  2123 | D:4      | Reached skill level 7 in Ranged Weapons
  2206 | D:4      | 2206 ||| Stepping ~*~*~tactically~*~*~ (water).
  2209 | D:4      | 2209 ||| Stepping ~*~*~tactically~*~*~ (water).
  2236 | D:4      | Found a glowing drain.
  2237 | D:4      | 2237 ||| READING scroll labelled LOPTIX XAZY.
  2241 | D:4      | 2241 ||| READING scroll labelled IROOD FABBESK.
  2242 | D:4      | 2242 ||| DRINKING 2 brown potions.
  2243 | D:4      | 2243 ||| READING 2 scrolls of identify.
  2243 | D:4      | 2243 ||| IDENTIFYING grey potion
  2244 | D:4      | 2244 ||| DROPPING potion of degeneration.
  2295 | Sewer    | Entered a sewer
  2362 | Sewer    | 2362 ||| Stepping ~*~*~tactically~*~*~ (water).
  2364 | Sewer    | 2364 ||| Stepping ~*~*~tactically~*~*~ (water).
  2373 | Sewer    | Reached XP level 7. HP: 43/43 MP: 7/7
  2523 | Sewer    | 2523 ||| READING 2 scrolls labelled LIMIZENYNU.
  2524 | Sewer    | 2524 ||| DRINKING 2 emerald potions.
  2525 | Sewer    | 2525 ||| DRINKING 2 potions of curing.
  2525 | Sewer    | 2525 ||| (to cure confusion)
  2526 | Sewer    | 2526 ||| READING 2 scrolls of identify.
  2526 | Sewer    | 2526 ||| IDENTIFYING gluggy clear potion
  2527 | Sewer    | 2527 ||| DROPPING potion of ambrosia.
  2528 | Sewer    | 2528 ||| DROPPING scroll of blinking.
  2574 | D:4      | 2574 ||| PLANNING TEMPLE
  2619 | Temple   | Found a transporter.
  2619 | Temple   | Found a transporter.
  2619 | Temple   | Found a transporter.
  2619 | Temple   | Found a transporter.
  2619 | Temple   | Entered the Ecumenical Temple
  2620 | Temple   | 2620 ||| PLANNING D:1-11
  2669 | D:5      | Entered Level 5 of the Dungeon
  2670 | D:5      | 2670 ||| STAIRDANCE
  2675 | D:5      | 2675 ||| STAIRDANCE
  2693 | D:5      | 2693 ||| STAIRDANCE
  2696 | D:4      | HP: 9/43 [ogre/+0 giant spiked club (25)]
  2696 | D:4      | Slain by an ogre

Levels and vault maps discovered:
D:1:      eino_arrival_tree_alley, layout_rooms
D:2:      layout_loops_ring, hex_tiny
D:3:      layout_basic, mainiacjoe_overflow_small_starburst, elyvilon_altar_5,
          lemuel_tele_altar, feat_on_display
D:4:      minmay_wonky_spiral, layout_rooms, amcnicky_altar_gilded,
          temple_statues, gup_sewer_entry_bubbles, serial_shops,
          nicolae_shop_waterfront, uniq_eustachio
D:5:      layout_basic, mainiacjoe_overflow_paths, kennysheep_mini_moat,
          kennysheep_cross_bottleneck, uniq_sigmund, uniq_prince_ribbit1
Temple:   hellmonk_temple_divided_pantheon

Skill      XL: |  1  2  3  4  5  6 |
---------------+-------------------+-----
Ranged Weapons | 5 6 7 |  7.4
Fighting       | 3 4 |  4.1
Armour         | 1 |  1.3
Dodging        | |  1.5
Stealth        | |  1.1

Action                     |  1- 3 |  4- 6 |  7- 9 || total
---------------------------+-------+-------+-------++-------
   Fire: Shortbow          |    64 |   133 |    12 ||   209
    Use: Scroll            |     5 |     6 |     2 ||    13
         Potion            |     5 |     2 |     2 ||     9
 Armour: Leather armour    |     6 |       |       ||     6
         Ring mail         |       |    47 |     7 ||    54
  Dodge: Dodged            |     5 |    40 |     9 ||    54

Table legend:
 A = Non-vault XP
 B = Vault XP
 C = Vault XP percentage of total XP
 D = Non-vault monster count
 E = Vault monster count
 F = Vault count percentage of total count
                 A         B        C        D         E       F
            +---------+---------+-------+---------+---------+-------
      Total |     349 |     329 |  48.5 |      68 |      17 |  20.0
            +---------+---------+-------+---------+---------+-------
        D:1 |      22 |       0 |   0.0 |      15 |       0 |   0.0
        D:2 |      56 |       0 |   0.0 |      12 |       0 |   0.0
        D:3 |      40 |       0 |   0.0 |      15 |       0 |   0.0
        D:4 |     231 |     260 |  53.0 |      26 |       9 |  25.7
      Sewer |       0 |      69 | 100.0 |       0 |       8 | 100.0
            +---------+---------+-------+---------+---------+-------
